 Dungeon Crawl Stone Soup version 0.18-a0-1311-g779ca93 (webtiles) character file.

287 inmateoo the Insei (level 6, -2/41 HPs)
             Began as an Octopode Transmuter on Feb 13, 2016.
             Was an Initiate of Cheibriados.
             Slain by Grinder (5 damage)
             ... while paralysed by Grinder
             ... on level 3 of the Dungeon.
             The game lasted 00:06:01 (3438 turns).

inmateoo the Insei (Octopode Transmuter)            Turns: 3438, Time: 00:06:02

Health: -2/41      AC:  2    Str: 11    XL:     6   Next: 30%
Magic:  8/10       EV:  5    Int: 18    God:    Cheibriados [......]
Gold:   74         SH:  0    Dex: 18    Spells: 3 memorised, 4 levels left

rFire  . . .     SeeInvis .       - Unarmed
rCold  . . .     Gourm    .     (shield currently unavailable)
rNeg   . . .     Faith    .     (helmet currently unavailable)
rPois  x         Spirit   .     j - amulet of regeneration
rElec  .         Dismiss  .     e - ring of teleportation
rCorr  .         Reflect  .     (no ring)
SustAt .         Harm     .     (no ring)
MR     .....     Rnd*Tele +     (no ring)
Stlth  ++........               (no ring)
                                (no ring)
                                (no ring)
                                (no ring)

@: paralysed, spider-form (expiring), very slow, not resistant to hostile
enchantments, unstealthy
A: almost no armour, amphibious, 8 rings, (constrict 8), (camouflage 0),
(gelatinous body 0)
a: End Transformation, Bend Time, Renounce Religion


You were on level 3 of the Dungeon.
You worshipped Cheibriados.
Cheibriados was noncommittal.
You were not hungry.
You were a venomous arachnid creature.
You visited 1 branch of the dungeon, and saw 3 of its levels.

You collected 74 gold pieces.

Inventory:

Missiles
 a - 9 arrows
Jewellery
 e - a ring of teleportation (left front leg)
 j - an amulet of regeneration (around neck)
Wands
 l - a wand of slowing (14/48)
Scrolls
 i - a scroll of amnesia
 o - a scroll of enchant armour
Potions
 f - 2 potions of curing
 g - a potion of lignification
 k - 2 potions of agility {unknown}
 m - a potion of haste
 p - a potion of cure mutation
Books
 b - a book of Changes

   Spells                             Type                      Level
   a - Beastly Appendage              Transmutation                1
   b - Sticks to Snakes               Transmutation                2
   c - Spider Form                    Transmutation/Poison         3
   d - Ice Form                       Ice/Transmutation            4
   e - Blade Hands                    Transmutation                5
 h - a book of Spatial Translocations

   Spells                             Type                      Level
   a - Apportation                    Translocation                1
   b - Blink                          Translocation                2
   c - Shroud of Golubria             Charms/Translocation         2
   d - Portal Projectile              Translocation                3
   e - Teleport Other                 Translocation                3
   f - Passage of Golubria            Translocation                4
Comestibles
 c - 5 bread rations
 d - a meat ration


   Skills:
 + Level 2.5 Fighting
 + Level 3.0 Dodging
 * Level 4.8 Unarmed Combat
 + Level 2.9 Spellcasting
 + Level 3.0 Transmutations


You had 4 spell levels left.
You knew the following spells:

 Your Spells              Type           Power        Failure   Level  Hunger
a - Beastly Appendage     Trmt           ##....       17%         1    None
b - Sticks to Snakes      Trmt           ##......     24%         2    ##.....
c - Spider Form           Trmt/Pois      #.........   52%         3    ###....


Dungeon Overview and Level Annotations

Branches:
Dungeon (3/15)

Altars:
Ashenzari
Cheibriados
Nemelex Xobeh

Annotations:
D:3 Grinder


Innate Abilities, Weirdness & Mutations

You cannot wear most types of armour.
You are amphibious.
You can wear up to eight rings at the same time.
((You can use your tentacles to constrict eight enemies at once.))
((Your skin changes colour to match your surroundings (Stealth).))
((Your rubbery body absorbs attacks (AC +1).))


Message History

Casting: Spider Form
Confirm with . or Enter, or press ? or * to list all spells.
You turn into a venomous arachnid creature.
Grinder misses you.
Found a scroll labeled HECRUG FAELAOJ.
You bite Grinder!
Grinder is lightly wounded.
Grinder gestures at you.
You suddenly lose the ability to move!
Grinder drinks a potion.
Grinder seems to grow stronger.
Grinder barely misses you. Grinder hits you!
You writhe in agony.
Your transformation is almost over.
Grinder hits you!
You writhe in agony.
Grinder hits you!
* * * LOW HITPOINT WARNING * * *
Grinder hits you!
* * * LOW HITPOINT WARNING * * *
You writhe in agony.
You die...

#### ##...# ##.(...##
#.......################
?........#..............
...........#############
.........### #......s##
##....5.# ## ##...#.# #.
##.##.# #. #.. #.#
#######.###.#
#.........#.#
#.#####.>...# # #.# ...#


You could see Grinder.

Vanquished Creatures
  A centaur (D:3)
  Jessica (D:2)
  A gnoll (D:3)
  10 adders
  An ooze (D:1)
  2 worms (D:2)
  2 giant geckos (D:2)
  An orc (D:3)
  5 bats
  4 giant cockroaches
  11 goblins
  6 hobgoblins
  6 jackals
  11 kobolds
  A quokka (D:2)
  5 giant newts
  3 rats
71 creatures vanquished.

Vanquished Creatures (collateral kills)
  A goblin (D:3)
1 creature vanquished.

Grand Total: 72 creatures vanquished

Notes
Turn   | Place    | Note
--------------------------------------------------------------
     0 | D:1      | inmateoo the Octopode Transmuter began the quest for the Orb.
     0 | D:1      | Reached XP level 1. HP: 13/13 MP: 3/3
    48 | D:1      | Reached XP level 2. HP: 9/18 MP: 5/5
   692 | D:1      | Reached XP level 3. HP: 1/23 MP: 4/6
  1243 | D:1      | Learned a level 2 spell: Sticks to Snakes
  1442 | D:2      | Reached XP level 4. HP: 7/28 MP: 5/7
  1838 | D:2      | Learned a level 3 spell: Spider Form
  1900 | D:2      | Reached skill level 4 in Unarmed Combat
  2114 | D:2      | Noticed Jessica
  2117 | D:2      | Killed Jessica
  2142 | D:2      | Reached XP level 5. HP: 23/34 MP: 6/8
  2661 | D:2      | Found a shattered altar of Ashenzari.
  2757 | D:2      | Found a sparkling altar of Nemelex Xobeh.
  2918 | D:3      | Noticed a centaur
  2934 | D:3      | Killed a centaur
  2934 | D:3      | Reached XP level 6. HP: 4/41 MP: 7/10
  3042 | D:3      | Noticed Grinder
  3245 | D:3      | Found a snail-covered altar of Cheibriados.
  3268 | D:3      | Became a worshipper of Cheibriados the Contemplative
  3432 | D:3      | Paralysed by Grinder for 7 turns
  3438 | D:3      | Slain by Grinder

Vault maps used:
D:1:      scummos_arrival_forest
D:2:      marbit_many_paths, first_bread, lemuel_tele_altar, uniq_jessica
D:3:      cheibriados_altar_wand_db, uniq_grinder

Action                   |  1- 3 |  4- 6 || total
-------------------------+-------+-------++-------
Melee: Unarmed           |    73 |   121 ||   194
 Cast: Beastly Appendage |     4 |    11 ||    15
       Spider Form       |       |     5 ||     5
       Sticks to Snakes  |       |     3 ||     3
  Use: Scroll            |     2 |     7 ||     9
 Stab: Sleeping          |     3 |     3 ||     6
       Distracted        |     1 |       ||     1
  Eat: Chunk             |     2 |     4 ||     6
       Meat ration       |       |     1 ||     1
